 Dungeon Sprint DCSS version 0.25.0-26-g0c896c7088 (webtiles) character file.

Game seed: 11100140688057511026

308 protoss039 the Fighter (level 6, -10/63 HPs)
             Began as a Minotaur Fighter on July 1, 2020.
             Succumbed to Sonja's poison
             ... in the Dungeon (Sprint I: "Red Sonja").
             The game lasted 00:02:02 (596 turns).

protoss039 the Fighter (Minotaur Fighter)            Turns: 596, Time: 00:02:03

Health: -10/63     AC:  8    Str: 22    XL:     6   Next: 17%
Magic:  5/5        EV:  8    Int:  5    God:
Gold:   171        SH: 11    Dex: 10    Spells: 5/5 levels left

rFire    . . .     SeeInvis .   a - +0 war axe
rCold    . . .     Gourm    .   c - +0 kite shield
rNeg     . . .     Faith    .   b - +0 scale mail
rPois    .         Spirit   .   (helmet restricted)
rElec    .         Reflect  .   (no cloak)
rCorr    .         Harm     .   (no gloves)
MR       .....     NoTele   +   (no boots)
Stlth    ..........             (no amulet)
HPRegen  0.20/turn              (no ring)
MPRegen  0.09/turn              (no ring)

@: mighty, lethally poisoned (-10 -> -125), berserk cooldown, slowed, very slow
A: retaliatory headbutt, horns 2
a: no special abilities


You were in the Dungeon.
You were not hungry.

You visited 1 branch You collected 171 gold pieces.

Inventory:

Hand Weapons
 a - a +0 war axe (weapon)
Armour
 b - a +0 scale mail (worn)
 c - a +0 kite shield (worn)
Wands
 l - a wand of random effects (21)
Scrolls
 k - a scroll of blinking
 n - a scroll of remove curse {unknown}
Potions
 h - a potion of haste
 i - 2 potions of magic
Comestibles
 f - a ration
 m - 3 chunks of flesh


   Skills:
 + Level 9.3 Fighting
 + Level 7.6 Axes
 + Level 8.6 Armour
 - Level 0.5 Dodging
 + Level 8.3 Shields


You had 5 spell levels left.
You didn't know any spells.
Your spell library was empty.

Dungeon Overview and Level Annotations

Branches:
Dungeon (1/1)

Altars:
Sif Muna
Vehumet
Wu Jian

Annotations:
D Sonja


Innate Abilities, Weirdness & Mutations

You reflexively headbutt those who attack you in melee.
You have a pair of horns on your head.


Message History

Sonja hits you but does no damage. x3
You are more poisoned.
Sonja hits you but does no damage.
You are more poisoned.
Sonja hits you but does no damage.
You are more poisoned.
Unknown command.
Unknown command.
You feel very mighty all of a sudden.
* * * LOW HITPOINT WARNING * * *
You feel extremely sick. You block Sonja's attack.
Sonja hits you but does no damage.
You are more poisoned.
Sonja hits you but does no damage. You block Sonja's attack.
Sonja closely misses you. Sonja hits you but does no damage.
You are more poisoned.
Unknown command.
Unknown command.
You completely miss Sonja.
You die...

################
#<.#..)..#..'..#
#..)..#..').#..+
#..#####'#####'#
#..# #..# #K#
#..# #### ##@#
#..# #+#_.+ #⌠⌠#
+..._# ####
#_(#'# ##'#.#
#.### $.$ $.$
##.##


You could see Sonja.

Vanquished Creatures
  Sigmund (D)
  An ogre (D)
  A jelly (D)
  Ijyb (D)
4 creatures vanquished.

Vanquished Creatures (others)
  A gargoyle (D)
1 creature vanquished.

Grand Total: 5 creatures vanquished

Notes
Turn   | Place    | Note
-------+----------+-------------------------------------------
     0 | D        | protoss039 the Minotaur Fighter began the quest for the
                  | Orb.
     0 | D        | Reached XP level 1. HP: 19/19 MP: 0/0
     1 | D        | Noticed Ijyb
    23 | D        | Killed Ijyb
    23 | D        | Reached skill level 5 in Fighting
    23 | D        | Reached skill level 5 in Armour
    23 | D        | Reached skill level 5 in Shields
    23 | D        | Reached XP level 2. HP: 18/29 MP: 1/1
   143 | D        | Noticed an ogre
   148 | D        | Killed an ogre
   148 | D        | Reached skill level 7 in Fighting
   148 | D        | Reached skill level 5 in Axes
   148 | D        | Reached XP level 3. HP: 6/39 MP: 2/2
   148 | D        | Reached XP level 4. HP: 7/47 MP: 3/3
   412 | D        | Noticed Sigmund
   431 | D        | Killed Sigmund
   431 | D        | Reached skill level 9 in Fighting
   431 | D        | Reached XP level 5. HP: 36/57 MP: 4/4
   431 | D        | Reached XP level 6. HP: 40/63 MP: 5/5
   500 | D        | Killed a gargoyle
   563 | D        | Found an ornate altar of the Wu Jian Council.
   563 | D        | Found a shimmering blue altar of Sif Muna.
   565 | D        | Found a radiant altar of Vehumet.
   584 | D        | Noticed Sonja
   593 | D        | HP: 1/63 [poisoned by Sonja]
   596 | D        | Succumbed to Sonja's poison

Illustrated notes

Levels and vault maps discovered:
D:        dungeon_sprint_1 [red_sonja_temple_1, red_sonja_temple_small_1]

Skill      XL: |  1  2  3  4 |
---------------+-------------+-----
Fighting       | 5 7 9 |  9.3
Axes           | 3 5 7 |  7.6
Armour         | 5 6 8 |  8.6
Shields        | 5 6 8 |  8.3
Dodging        | |  0.5

Action                   |  1- 3 |  4- 6 || total
-------------------------+-------+-------++-------
Melee: War axe           |    25 |    18 ||    43
       Headbutt          |     3 |     1 ||     4
  Use: Potion            |       |     4 ||     4
Armor: Scale mail        |     8 |    15 ||    23
Dodge: Dodged            |     3 |     8 ||    11
Block: Kite shield       |     8 |    17 ||    25
